Map: Triton LE

Players

Reynor - Winner!

  • Race: Zerg Zerg
  • Spawn Location: 11:00

Impact

  • Race: Zerg Zerg
  • Spawn Location: 5:00

VOD

Have the link to the VOD?

Description

Time

  • Played on: Jan. 6, 2020, 8:50 p.m.
  • Length: 8:07
Show
View Real Time Build Order
Export as new Build Order

Reynor Zerg - Winner!

Build Orders: Hatch First 

Get SALT Encoding   

  12  0:00  Drone  
  13  0:12  Overlord  
  13  0:16  Drone  
  14  0:31  Drone x2  
  16  0:47  Hatchery  
  15  0:50  Drone  
  15  0:54  Drone  
  17  0:57  Drone  
  18  1:09  Extractor  
  17  1:13  Spawning Pool  
  17  1:15  Drone  
  17  1:19  Drone  
  18  1:28  Drone  
  19  1:41  Overlord  
  19  2:00  Zergling x6  
  19  2:01  Queen x2  
  26  2:12  Drone  
  26  2:13  Drone  
  26  2:14  Metabolic Boost  
  28  2:21  Drone  
  28  2:22  Drone  
  30  2:38  Drone  
  30  2:40  Hatchery  
  30  2:41  Drone  
  30  2:44  Drone  
  32  2:53  Drone  
  32  2:54  Baneling Nest  
  32  2:57  Drone  
  33  2:59  Overlord  
  33  3:08  Drone  
  33  3:11  Drone x2  
  36  3:19  Zergling x10  
  41  3:20  Zergling x2  
  42  3:28  Zergling x2  
  42  3:31  Overlord  
  42  3:38  Baneling x2  
  42  3:39  Zergling x2  
  42  3:42  Zergling x2  
  43  3:50  Drone  
  43  3:51  Zergling x10  
  43  3:52  Evolution Chamber  
  48  3:55  Baneling x2  
  48  4:07  Zergling x4  
  44  4:19  Zergling x14  
  49  4:26  Queen  
  49  4:29  Drone x3  
  49  4:31  Drone x2  
  56  4:33  Zerg Missile Weapons Level 1  
  56  4:36  Roach Warren  
  55  4:38  Baneling  
  55  4:39  Baneling  
  55  4:41  Drone x2  
  55  4:43  Extractor  
  55  4:44  Extractor, Drone  
  56  4:52  Drone x2  
  58  4:53  Overlord  
  58  4:58  Overlord  
  54  5:07  Drone x3  
  54  5:10  Overlord  
  54  5:13  Drone x2  
  54  5:14  Drone  
  54  5:15  Drone  
  54  5:20  Roach  
  54  5:21  Roach  
  56  5:23  Roach  
  56  5:25  Roach  
  56  5:26  Roach x2  
  56  5:27  Zergling x2  
  62  5:34  Zergling x6, Roach  
  67  5:37  Roach  
  69  5:44  Roach  
  69  5:45  Roach x2  
  75  5:50  Baneling  
  75  5:52  Baneling  
  75  5:54  Overlord  
  75  5:55  Drone  
  75  5:56  Drone  
  77  6:01  Zergling x2, Roach x2  
  82  6:05  Overlord  
  82  6:08  Overlord  
  82  6:14  Lair  
  82  6:15  Zergling x10  
  82  6:17  Drone x2  
  89  6:19  Drone  
  90  6:26  Overlord  
  90  6:31  Drone x4  
  90  6:32  Drone x3  
  97  6:33  Drone  
  97  6:37  Queen  
  100  6:42  Queen  
  100  6:44  Baneling x3  
  100  6:46  Baneling x2  
  101  6:47  Zergling x4  
  101  6:49  Zergling x2  
  94  6:54  Zergling x8  
  94  6:56  Zergling x2  
  94  6:59  Zergling x6  
  100  7:01  Zergling x2  
  92  7:11  Spore Crawler x2  
  92  7:13  Spore Crawler, Queen  
  80  7:15  Queen  
  80  7:20  Queen, Baneling x2  
  80  7:22  Drone x4  
  86  7:26  Spore Crawler  
  86  7:29  Roach x2  
  89  7:37  Zergling x8, Roach x2  
  94  7:40  Spore Crawler  
Show
View Real Time Build Order
Export as new Build Order

Impact Zerg 

Build Orders: Hatch First, Zergling Baneling 

Get SALT Encoding   

  12  0:00  Drone  
  13  0:12  Overlord  
  13  0:16  Drone  
  14  0:31  Drone x2  
  16  0:49  Hatchery  
  15  0:51  Drone  
  15  0:55  Drone  
  17  0:58  Drone  
  18  1:09  Extractor  
  17  1:14  Spawning Pool  
  17  1:17  Drone  
  17  1:20  Drone  
  18  1:28  Drone  
  19  1:38  Drone  
  20  1:51  Drone  
  21  2:00  Queen  
  21  2:01  Queen  
  25  2:02  Overlord  
  25  2:03  Drone  
  26  2:10  Metabolic Boost  
  26  2:13  Drone  
  26  2:14  Drone  
  28  2:23  Zergling x2  
  28  2:24  Zergling x2  
  30  2:36  Hatchery  
  29  2:40  Drone x2  
  31  2:45  Drone x2  
  33  2:52  Baneling Nest  
  33  2:56  Zergling x4  
  33  3:04  Overlord  
  33  3:07  Zergling x2  
  33  3:09  Drone  
  35  3:23  Drone x2  
  35  3:24  Drone x3  
  35  3:25  Lair, Drone  
  35  3:27  Extractor  
  40  3:32  Queen  
  42  3:38  Baneling  
  42  3:40  Drone  
  43  3:47  Baneling  
  43  3:49  Zergling x2  
  43  3:50  Zergling x8  
  43  3:51  Extractor  
  43  3:52  Baneling  
  47  3:56  Zergling x4  
  48  4:04  Queen  
  48  4:13  Drone  
  48  4:15  Zergling x4  
  48  4:16  Baneling x2  
  48  4:24  Drone x2  
  48  4:27  Extractor, Drone  
  48  4:30  Overlord  
  49  4:37  Overlord  
  49  4:39  Overlord x2  
  49  4:40  Overlord  
  49  4:45  Spire, Baneling  
  48  4:46  Baneling  
  48  4:50  Drone  
  48  4:51  Drone, Baneling  
  50  4:53  Drone  
  51  5:01  Baneling  
  51  5:05  Zergling x10  
  53  5:13  Zergling x4  
  47  5:21  Zergling x8  
  45  5:24  Baneling x2  
  42  5:29  Drone x2  
  42  5:33  Drone  
  43  5:37  Drone  
  43  5:38  Drone  
  45  5:43  Drone x3  
  45  5:48  Drone x2  
  45  5:49  Drone  
  51  5:58  Mutalisk  
  51  5:59  Mutalisk  
  51  6:03  Mutalisk  
  57  6:07  Mutalisk  
  57  6:10  Mutalisk  
  60  6:18  Mutalisk  
  60  6:25  Drone x5  
  65  6:29  Mutalisk  
  67  6:34  Zergling x2  
  67  6:35  Zergling x2  
  67  6:37  Mutalisk  
  71  6:45  Baneling  
  71  6:46  Baneling  
  71  6:48  Zergling x2  
  71  6:54  Mutalisk  
  69  6:55  Zergling x2  
  69  6:56  Zergling x6  
  69  6:59  Zergling x2  
  69  7:00  Zergling x6  
  72  7:09  Mutalisk x2  
  72  7:11  Zergling x4  
  72  7:12  Zergling x2  
  79  7:20  Queen  
  79  7:22  Mutalisk  
  83  7:29  Overlord  
  83  7:32  Overlord  
  82  7:40  Hatchery  
Tags
 
Add a new tag
Caveats
  • Supply blocks, unpowered buildings, or Contaminate may cause inaccurate times.
  • Supply counts are checked every 10 seconds.